[ PARTIDA AOE2 · #513703816 ]
UnrankedJemeres vs Malay
Equipo del jugador · VICT
Equipo rival · DERR
[ ANÁLISIS DE REPETICIÓN · EXTRAÍDO DE LA PARTIDA GRABADA ]
Feudal
9:15
Castillos
18:11
Imperial
34:27
| APM promedio | 75.1 |
| APM pico | 110 |
| eAPM promedio | 41.1 |
| Aldeanos / militares | 256 / 62 |
Foco
⚔️ 52.0% · 🌾 48.0%
Ballista Elephant ×37 · Archer ×8 · Mangonel ×7 · Monk ×4 · Trebuchet (Packed) ×4 · Knight ×1
Feudal
10:06
Castillos
20:20
Imperial
36:44
| APM promedio | 102.3 |
| APM pico | 148 |
| eAPM promedio | 41.0 |
| Aldeanos / militares | 149 / 87 |
Foco
⚔️ 60.3% · 🌾 39.7%
Archer ×59 · Mangonel ×10 · Skirmisher ×6 · Karambit Warrior ×6 · Militia ×5 · Spearman ×1
Mapa de la partida
Recursos iniciales + cada clic de construcción. Líneas = muros · curvas = relieve. ◆ oro · ⬟ piedra · ● bayas · ✦ reliquia · ◌ hueco del cierre
Tu base· Abierta — el rival se encerró
Base de DolunaK· ✓ Cerrada en 20:21 · 35t muro · sin puerta
Terreno inicial suavizado · ◌ = hueco del cierre detectado · pasá el cursor para detalles
Inputs por minuto
— DS_VarVa - - DolunaK
Build order — DS_VarVa
Primeras 150 de 528 acciones detectadas
| 0:00 | queue | Villager (Male) |
| 0:00 | queue | Villager (Male) |
| 0:01 | queue | Villager (Male) |
| 0:01 | queue | Villager (Male) |
| 0:02 | Construir | House |
| 0:04 | Construir | House |
| 1:17 | queue | Villager (Male) |
| 1:21 | Construir | Mill |
| 1:44 | queue | Villager (Male) |
| 2:13 | queue | Villager (Male) |
| 2:47 | queue | Villager (Male) |
| 2:48 | queue | Villager (Male) |
| 3:09 | queue | Villager (Male) |
| 3:17 | queue | Villager (Male) |
| 3:28 | queue | Villager (Male) |
| 3:36 | Construir | House |
| 3:40 | Construir | House |
| 3:45 | queue | Villager (Male) |
| 4:11 | queue | Villager (Male) |
| 4:22 | queue | Villager (Male) |
| 4:31 | queue | Villager (Male) |
| 4:42 | queue | Villager (Male) |
| 5:05 | queue | Villager (Male) |
| 5:24 | Construir | Lumber Camp |
| 6:05 | Investigar | Loom |
| 6:35 | Investigar | Feudal Age |
| 6:35 | Investigar | Feudal Age |
| 7:04 | Construir | House |
| 7:27 | Construir | Palisade Wall |
| 7:28 | Construir | Palisade Wall |
| 7:40 | queue | Villager (Male) |
| 7:55 | Construir | House |
| 7:56 | Construir | Palisade Wall |
| 8:09 | queue | Villager (Male) |
| 8:12 | Construir | Mill |
| 8:16 | queue | Villager (Male) |
| 8:35 | queue | Villager (Male) |
| 8:36 | queue | Villager (Male) |
| 9:15 | Edad | Edad Feudal |
| 9:18 | Construir | Archery Range |
| 9:19 | Investigar | Double-Bit Axe |
| 9:23 | queue | Villager (Male) |
| 9:40 | queue | Villager (Male) |
| 9:43 | Construir | Mining Camp |
| 9:57 | queue | Archer |
| 10:05 | queue | Villager (Male) |
| 10:30 | queue | Villager (Male) |
| 10:31 | queue | Villager (Male) |
| 10:41 | queue | Villager (Male) |
| 10:51 | queue | Villager (Male) |
| 10:55 | queue | Villager (Male) |
| 10:57 | Construir | Blacksmith |
| 11:01 | Construir | House |
| 11:04 | Construir | Blacksmith |
| 11:06 | queue | Archer |
| 11:08 | queue | Villager (Male) |
| 11:10 | queue | Villager (Male) |
| 11:30 | queue | Archer |
| 11:34 | queue | Villager (Male) |
| 11:36 | Construir | House |
| 11:48 | queue | Villager (Male) |
| 11:49 | queue | Archer |
| 11:54 | Investigar | Horse Collar |
| 11:59 | queue | Villager (Male) |
| 12:00 | Construir | House |
| 12:01 | queue | Villager (Male) |
| 12:03 | queue | Villager (Male) |
| 12:03 | queue | Villager (Male) |
| 12:07 | queue | Archer |
| 12:10 | Construir | Palisade Wall |
| 12:30 | Construir | Farm |
| 12:31 | Construir | Farm |
| 12:31 | queue | Villager (Male) |
| 12:45 | queue | Villager (Male) |
| 13:03 | queue | Villager (Male) |
| 13:23 | queue | Villager (Male) |
| 13:26 | Construir | Farm |
| 13:26 | queue | Villager (Male) |
| 13:28 | queue | Villager (Male) |
| 13:39 | queue | Villager (Male) |
| 13:43 | Construir | Palisade Wall |
| 13:44 | queue | Villager (Male) |
| 13:46 | Construir | Farm |
| 13:47 | Construir | Farm |
| 13:51 | Construir | Palisade Wall |
| 13:52 | queue | Villager (Male) |
| 13:53 | Construir | Farm |
| 14:10 | queue | Villager (Male) |
| 14:20 | queue | Villager (Male) |
| 14:21 | queue | Villager (Male) |
| 14:25 | Construir | Palisade Wall |
| 14:25 | Construir | Palisade Wall |
| 14:34 | queue | Villager (Male) |
| 14:35 | Construir | Farm |
| 14:36 | queue | Villager (Male) |
| 14:37 | Construir | Farm |
| 14:47 | Construir | House |
| 14:49 | queue | Archer |
| 14:51 | queue | Villager (Male) |
| 14:51 | queue | Villager (Male) |
| 14:52 | queue | Villager (Male) |
| 14:58 | Construir | Farm |
| 15:11 | Construir | House |
| 15:17 | Construir | House |
| 15:21 | queue | Archer |
| 15:31 | Investigar | Castle Age |
| 15:35 | queue | Archer |
| 15:42 | Construir | House |
| 15:45 | queue | Villager (Male) |
| 15:57 | Construir | House |
| 16:00 | queue | Villager (Male) |
| 16:05 | queue | Villager (Male) |
| 16:13 | Investigar | Fletching |
| 16:14 | queue | Villager (Male) |
| 16:20 | Construir | House |
| 16:31 | Construir | Stable |
| 16:32 | queue | Villager (Male) |
| 16:33 | queue | Villager (Male) |
| 16:37 | Construir | Farm |
| 16:38 | Construir | Farm |
| 17:09 | queue | Scout Cavalry |
| 17:14 | queue | Villager (Male) |
| 17:17 | queue | Villager (Male) |
| 17:22 | queue | Villager (Male) |
| 17:26 | queue | Villager (Male) |
| 17:31 | Construir | Market |
| 17:53 | queue | Villager (Male) |
| 18:11 | Edad | Edad de los Castillos |
| 18:22 | Investigar | Bodkin Arrow |
| 18:26 | Investigar | Crossbowman (upgrade) |
| 18:46 | queue | Villager (Male) |
| 18:51 | Construir | Town Center |
| 19:00 | queue | Villager (Male) |
| 19:23 | queue | Villager (Male) |
| 19:23 | queue | Villager (Male) |
| 19:26 | Construir | Farm |
| 19:30 | queue | Knight |
| 19:37 | queue | Villager (Male) |
| 19:48 | Construir | Farm |
| 19:49 | Construir | Farm |
| 19:53 | queue | Villager (Male) |
| 20:05 | queue | Villager (Male) |
| 20:06 | Construir | Farm |
| 20:17 | queue | Villager (Male) |
| 20:18 | queue | Villager (Male) |
| 20:34 | queue | Villager (Male) |
| 20:36 | Construir | Siege Workshop |
| 20:41 | queue | Villager (Male) |
| 20:43 | Construir | Farm |
| 20:53 | queue | Villager (Male) |
Build order — DolunaK
Primeras 150 de 416 acciones detectadas
| 0:00 | queue | Villager (Male) |
| 0:00 | queue | Villager (Male) |
| 0:00 | queue | Villager (Male) |
| 0:02 | Construir | House |
| 0:03 | Construir | House |
| 0:09 | queue | Villager (Male) |
| 0:09 | queue | Villager (Male) |
| 1:22 | queue | Villager (Male) |
| 1:22 | queue | Villager (Male) |
| 1:56 | queue | Villager (Male) |
| 2:01 | Construir | Lumber Camp |
| 2:21 | queue | Villager (Male) |
| 2:49 | queue | Villager (Male) |
| 3:17 | queue | Villager (Male) |
| 3:43 | queue | Villager (Male) |
| 3:48 | Construir | House |
| 4:05 | queue | Villager (Male) |
| 4:07 | queue | Villager (Male) |
| 4:16 | Construir | House |
| 4:49 | queue | Villager (Male) |
| 5:02 | Construir | Barracks |
| 5:22 | queue | Villager (Male) |
| 5:42 | Construir | House |
| 5:45 | queue | Villager (Male) |
| 5:55 | queue | Militia |
| 5:55 | queue | Militia |
| 6:12 | queue | Villager (Male) |
| 6:15 | queue | Militia |
| 6:15 | queue | Militia |
| 6:34 | queue | Villager (Male) |
| 6:38 | Construir | Mill |
| 6:43 | queue | Villager (Male) |
| 7:01 | queue | Villager (Male) |
| 7:46 | queue | Villager (Male) |
| 7:58 | Construir | Mill |
| 8:02 | Investigar | Loom |
| 8:37 | queue | Villager (Male) |
| 8:48 | Investigar | Feudal Age |
| 8:48 | Investigar | Feudal Age |
| 9:07 | Construir | Mining Camp |
| 9:13 | Construir | House |
| 9:24 | queue | Villager (Male) |
| 10:03 | queue | Militia |
| 10:06 | Edad | Edad Feudal |
| 10:13 | Investigar | Double-Bit Axe |
| 10:37 | queue | Villager (Male) |
| 10:50 | queue | Villager (Male) |
| 10:52 | Construir | Archery Range |
| 11:01 | queue | Villager (Male) |
| 11:05 | Construir | Farm |
| 11:13 | Construir | Farm |
| 11:14 | queue | Villager (Male) |
| 11:18 | Construir | Palisade Wall |
| 11:27 | Construir | Farm |
| 11:38 | Construir | Palisade Wall |
| 11:41 | Construir | Palisade Wall |
| 11:49 | queue | Skirmisher |
| 11:50 | queue | Skirmisher |
| 11:53 | queue | Spearman |
| 12:07 | queue | Villager (Male) |
| 12:09 | Construir | Farm |
| 12:13 | Construir | House |
| 12:14 | Construir | House |
| 12:16 | queue | Villager (Male) |
| 12:24 | queue | Villager (Male) |
| 12:30 | queue | Archer |
| 12:55 | queue | Villager (Male) |
| 13:10 | queue | Villager (Male) |
| 13:13 | Construir | Blacksmith |
| 13:25 | Construir | Farm |
| 13:27 | Construir | Farm |
| 13:28 | queue | Skirmisher |
| 13:29 | queue | Archer |
| 13:45 | Construir | Farm |
| 13:47 | Construir | Farm |
| 13:49 | Investigar | Fletching |
| 13:49 | Investigar | Fletching |
| 13:49 | Investigar | Padded Archer Armor |
| 13:55 | Construir | House |
| 14:10 | queue | Archer |
| 14:19 | Construir | Farm |
| 14:24 | Construir | House |
| 14:26 | Construir | House |
| 14:33 | Construir | Palisade Wall |
| 14:38 | queue | Archer |
| 14:42 | queue | Villager (Male) |
| 14:54 | queue | Archer |
| 14:54 | queue | Villager (Male) |
| 14:57 | Construir | Farm |
| 15:09 | queue | Villager (Male) |
| 15:11 | Construir | Farm |
| 15:15 | Construir | Palisade Wall |
| 15:20 | Construir | House |
| 15:21 | Construir | House |
| 15:27 | queue | Villager (Male) |
| 15:29 | Construir | House |
| 16:08 | queue | Villager (Male) |
| 16:08 | queue | Villager (Male) |
| 16:22 | queue | Villager (Male) |
| 16:25 | Construir | Market |
| 16:27 | Construir | House |
| 16:32 | Construir | House |
| 16:35 | queue | Villager (Male) |
| 16:36 | Construir | Farm |
| 16:38 | Construir | Farm |
| 16:40 | Construir | Farm |
| 16:49 | queue | Archer |
| 17:18 | queue | Villager (Male) |
| 17:19 | queue | Archer |
| 17:21 | queue | Villager (Male) |
| 17:28 | Construir | Lumber Camp |
| 17:47 | queue | Archer |
| 17:51 | Construir | House |
| 18:03 | Construir | Palisade Wall |
| 18:12 | Construir | Lumber Camp |
| 18:45 | Investigar | Castle Age |
| 18:48 | Construir | House |
| 18:50 | Construir | House |
| 18:59 | Construir | House |
| 19:09 | Construir | Archery Range |
| 19:19 | Investigar | Horse Collar |
| 19:20 | Investigar | Horse Collar |
| 19:20 | Investigar | Gold Mining |
| 19:28 | Construir | Watch Tower |
| 19:36 | queue | Skirmisher |
| 19:38 | Construir | Farm |
| 19:55 | queue | Skirmisher |
| 19:55 | queue | Skirmisher |
| 19:57 | Construir | Farm |
| 20:04 | Construir | House |
| 20:20 | Construir | House |
| 20:20 | Edad | Edad de los Castillos |
| 20:24 | Investigar | Bodkin Arrow |
| 20:25 | Investigar | Bodkin Arrow |
| 20:43 | Construir | Palisade Gate |
| 21:13 | queue | Archer |
| 21:13 | queue | Archer |
| 21:34 | Investigar | Crossbowman (upgrade) |
| 21:34 | Investigar | Crossbowman (upgrade) |
| 21:42 | queue | Villager (Male) |
| 21:43 | queue | Villager (Male) |
| 21:55 | queue | Archer |
| 21:56 | queue | Villager (Male) |
| 22:04 | Construir | Farm |
| 22:27 | queue | Archer |
| 22:28 | queue | Archer |
| 22:29 | queue | Villager (Male) |
| 22:29 | queue | Villager (Male) |
| 22:38 | Construir | Farm |
| 22:45 | queue | Villager (Male) |
Cronología de la partida
| 5:02 | DolunaK · first_building Barracks |
| 7:27 | DS_VarVa · wall_segment Palisade Wall x1 |
| 7:28 | DS_VarVa · wall_segment Palisade Wall x1 |
| 7:56 | DS_VarVa · wall_segment Palisade Wall x1 |
| 9:15 | DS_VarVa · age_up feudal |
| 9:18 | DS_VarVa · first_building Archery Range |
| 10:06 | DolunaK · age_up feudal |
| 10:52 | DolunaK · first_building Archery Range |
| 11:18 | DolunaK · wall_segment Palisade Wall x10 |
| 11:38 | DolunaK · wall_segment Palisade Wall x10 |
| 11:41 | DolunaK · wall_segment Palisade Wall x1 |
| 12:10 | DS_VarVa · wall_segment Palisade Wall x5 |
| 13:43 | DS_VarVa · wall_segment Palisade Wall x8 |
| 13:51 | DS_VarVa · wall_segment Palisade Wall x5 |
| 14:25 | DS_VarVa · wall_segment Palisade Wall x1 |
| 14:25 | DS_VarVa · wall_segment Palisade Wall x1 |
| 14:33 | DolunaK · wall_segment Palisade Wall x10 |
| 15:15 | DolunaK · wall_segment Palisade Wall x5 |
| 16:31 | DS_VarVa · first_building Stable |
| 18:03 | DolunaK · wall_segment Palisade Wall x1 |
| 18:11 | DS_VarVa · age_up castle |
| 18:20 | DS_VarVa · first_market_sell 100 food |
| 20:20 | DolunaK · age_up castle |
| 20:36 | DS_VarVa · first_building Siege Workshop |
| 24:08 | DS_VarVa · first_building Monastery |
| 24:35 | DolunaK · first_market_sell 100 wood |
| 26:11 | DolunaK · first_market_buy 100 stone |
| 26:26 | DolunaK · first_building Siege Workshop |
| 30:11 | DS_VarVa · first_building Castle |
| 30:17 | DolunaK · first_building Castle |
| 32:28 | DS_VarVa · first_market_buy 100 food |
| 34:27 | DS_VarVa · age_up imperial |
| 36:44 | DolunaK · age_up imperial |
| 43:51 | DolunaK · resign |
[ ANÁLISIS IA · 1 CRÉDITO ]
¿Qué pasó realmente en esta partida?
Wolo.gg analiza cada decisión: build order, eco, micro, errores típicos por bracket. Análisis personalizado por WhatsApp o Discord en 30 segundos.
Guía civ
Jemeres
Perfil
Jugador #4129359